 Dungeon Crawl Stone Soup version 0.29-a0-1033-gb6c65ffae6 (webtiles) character file.

Game seed: 1597452903851884408

1262 hikkokomori the Firebug (level 9, -3/72 HPs)
             Began as a Meteoran Fire Elementalist on Aug 14, 2022.
             Was a Follower of Vehumet.
             Slain by a gnoll sergeant
             ... wielding a +0 trident
              (9 damage)
             ... on level 5 of the Dungeon.
             The game lasted 00:16:56 (1985 turns).

hikkokomori the Firebug (MeFE)                      Turns: 1985, Time: 00:16:56

Health: -3/72      AC:  5    Str:  9    XL:     9   Next: 8%
Magic:  0/19       EV: 19    Int: 21    God:    Vehumet [*.....]
Gold:   213        SH:  0    Dex: 16    Spells: 16/20 levels left

rFire   . . .      SeeInvis .   h - +2 dagger (flame)
rCold   . . .      Faith    .   (no shield)
rNeg    . . .      Spirit   .   a - +0 robe
rPois   .          Reflect  .   g - +0 helmet
rElec   .          Harm     .   s - +0 cloak
rCorr   .          Rampage  .   e - +0 pair of gloves
Will    +....                   (no boots)
Stlth   +.........              (no amulet)
HPRegen 0.22/turn               p - +4 ring of evasion
MPRegen 0.16/turn               t - ring of flight

@: about to teleport, flying, glowing
A: sense surroundings 2, otherworldly, glowing, explore regen
a: Renounce Religion


You were on level 5 of the Dungeon.
You worshipped Vehumet.
Vehumet was aware of your devotion.
You visited 1 branch of the dungeon, and saw 5 of its levels.

You collected 213 gold pieces.

Inventory:

Hand Weapons
 c - a +0 club
 h - a +2 dagger of flaming (weapon)
 w - a +5 dire flail
Missiles
 f - 3 poisoned darts
 l - 22 stones
Armour
 a - a +0 robe (worn)
 e - a +0 pair of gloves (worn)
 g - a +0 helmet (worn)
 s - a +0 cloak (worn)
Magical Staves
 o - a staff of fire
Jewellery
 p - a +4 ring of evasion (left hand)
 t - a ring of flight (right hand)
Wands
 r - a wand of flame (18)
Scrolls
 i - a scroll of identify
 j - a scroll of teleportation
 m - a scroll of blinking
 q - a scroll of fog
 u - a scroll of brand weapon
Potions
 b - a potion of magic
 d - 2 potions of heal wounds
 k - a potion of might
 n - 3 potions of curing


   Skills:
 + Level 4.7 Fighting
 + Level 5.9 Dodging
 - Level 1.4 Stealth
 + Level 6.0 Spellcasting
 - Level 1.2 Conjurations
 + Level 6.4 Fire Magic
 + Level 4.7 Evocations


You had 16 spell levels left.
You knew the following spells:

 Your Spells              Type           Power      Damage    Failure   Level
a - Foxfire               Conj/Fire      88%        2x1d8     1%          1
b - Scorch                Fire           66%        2d8       1%          2
c - Magic Dart            Conj           44%        1d5       6%          1

Your spell library contained the following spells:

 Spells                   Type           Power      Damage    Failure   Level
 Conjure Flame            Conj/Fire      22%        6-21      6%          3
 Inner Flame              Hex/Fire       19%        N/A       8%          3
 Flame Wave               Conj/Fire      22%        2d8       21%         4


Dungeon Overview and Level Annotations

Branches:
Dungeon (5/15) Zot: 991
 Temple: D:4-7

Altars:
Cheibriados
Uskayaw
Vehumet
Xom

Shops:
D:3 [


Innate Abilities, Weirdness & Mutations

You passively map the area around you.
You are easily found by Zot.
You glow in the dark.
You regain HP and MP as you explore.


Message History

Your hound's corpse dissolves into shadows!
The gnoll hits you with a +0 club.
* * * LOW HITPOINT WARNING * * *
The orc priest misses you.
Casting: Foxfire (safe; 1% risk of failure)
Confirm with . or Enter, or press ? or * to list all spells.
You conjure some foxfire!
The orc priest closely misses you. The gnoll sergeant closely misses you.
The gnoll hits you but does no damage. Something hits you.
* * * LOW HITPOINT WARNING * * *
The gnoll completely misses you.
The foxfire hits the gnoll!
The gnoll is severely wounded.
The foxfire hits the gnoll.
The gnoll is severely wounded.
The orc priest misses you. The gnoll barely misses you.
The gnoll sergeant hits you from afar with a +0 trident.
* * * LOW HITPOINT WARNING * * *
As you read the scroll of teleportation, it crumbles to dust.
You feel strangely unstable.
The orc priest invokes the aid of Beogh against you.
Pain shoots through your body!
* * * LOW HITPOINT WARNING * * *
The gnoll sergeant barely misses you. The gnoll completely misses you.
Unknown command.
You feel much better.
The gnoll sergeant hits you from afar with a +0 trident.
The gnoll hits you from afar with a +0 halberd.
* * * LOW HITPOINT WARNING * * *
The orc priest mumbles some strange prayers to Beogh against you.
Beogh smites you!
* * * LOW HITPOINT WARNING * * *
Something hits you.
* * * LOW HITPOINT WARNING * * *
Unknown command.
You hit the gnoll but do no damage.
The gnoll is severely wounded.
The orc priest closely misses you.
The gnoll sergeant hits you from afar with a +0 trident!
You die...

.............#
#.................
.............#
#......†..........
.............#
#.................
.............#
#######..###.#####
######.......#
#..........#... #
#.......#
#..........#....##
#.......#
#..........#....##
.....###g.........#....##
**
......g.@..#####.##....##
,,......gog..# ..# .....
*, ,......g....# *#.#
...#. , .....).†...# ..
.. #. , .....).....# ,
.... #. ,....)......# *
#. ,, , ...........# *, *
*#. , ...........# ,, ,
*, #. , ...........# , ,
* #.


You could see a gnoll sergeant, an orc priest and 4 gnolls.

Vanquished Creatures
  3 ogres
  2 phantoms (D:5)
  A scorpion (D:4)
  4 wights (D:4)
  3 hounds (D:5)
  Crazy Yiuf (D:3)
  Terence (D:3)
  An iguana (D:5)
  A scorpion zombie (D:3)
  8 orc wizards
  A hound zombie (D:3)
  A mummy (D:5)
  A gnoll (D:5)
  5 adders
  A shadow imp (D:5)
  A worm (D:4)
  4 dart slugs
  12 orcs
  3 ball pythons
  4 bats
  5 endoplasms
  5 giant cockroaches
  4 hobgoblins
  4 kobolds
  A quokka (D:1)
  2 frilled lizards (D:3)
  4 goblins
  2 quokka skeletons (D:3)
  3 rats
88 creatures vanquished.

Vanquished Creatures (collateral kills)
  An orc priest (D:5)
1 creature vanquished.

Vanquished Creatures (others)
  68 foxfires
  4 toadstools (D:1)
72 creatures vanquished.

Grand Total: 161 creatures vanquished

Notes
Turn   | Place    | Note
-------+----------+-------------------------------------------
     0 | D:1      | hikkokomori the Meteoran Fire Elementalist began the quest
                  | for the Orb.
     0 | D:1      | Reached XP level 1. HP: 14/14 MP: 5/5
   296 | D:2      | Reached XP level 2. HP: 14/22 MP: 6/6
   344 | D:1      | Reached skill level 1 in Fighting
   344 | D:1      | Reached XP level 3. HP: 12/28 MP: 3/8
   391 | D:1      | Learned a level 2 spell: Scorch
   657 | D:2      | Reached XP level 4. HP: 34/35 MP: 6/10
   757 | D:3      | Found a faded altar of an unknown god.
   757 | D:3      | Noticed a shining eye
   762 | D:3      | Noticed a floating eye
   770 | D:3      | Noticed a great orb of eyes
   770 | D:3      | Noticed a golden eye
   814 | D:3      | Found Lozill Pitt's Antique Armour Shop.
   916 | D:3      | Noticed Terence
   922 | D:3      | Killed Terence
   923 | D:3      | Reached XP level 5. HP: 33/41 MP: 4/11
   938 | D:3      | Reached skill level 1 in Evocations
   979 | D:3      | Found a radiant altar of Vehumet.
   994 | D:3      | Became a worshipper of Vehumet
  1017 | D:3      | Found a runed translucent door.
  1018 | D:3      | Noticed Crazy Yiuf
  1024 | D:3      | Killed Crazy Yiuf
  1025 | D:3      | Reached XP level 6. HP: 26/49 MP: 6/12
  1111 | D:4      | Noticed a +0 dagger
  1111 | D:4      | Noticed a +0 dagger
  1112 | D:4      | Found a hide-covered altar of Uskayaw.
  1112 | D:4      | Noticed an ogre
  1125 | D:4      | Killed an ogre
  1131 | D:4      | Reached skill level 5 in Fire Magic
  1162 | D:4      | Reached XP level 7. HP: 50/57 MP: 0/14
  1305 | D:5      | Entered Level 5 of the Dungeon
  1465 | D:5      | Reached skill level 5 in Spellcasting
  1465 | D:5      | Reached XP level 8. HP: 66/66 MP: 7/16
  1472 | D:5      | Reached skill level 5 in Dodging
  1543 | D:5      | Reached * piety under Vehumet
  1543 | D:5      | Offered knowledge of Magic Dart by Vehumet.
  1546 | D:5      | Learned a level 1 spell: Magic Dart
  1546 | D:5      | Found a snail-covered altar of Cheibriados.
  1611 | D:4      | Found a shimmering altar of Xom.
  1690 | D:4      | HP: 3/62 [wight/+5 flail (1)]
  1965 | D:5      | Gained mutation: You passively map the area around you.
                  | [Meteoran growth]
  1965 | D:5      | Reached XP level 9. HP: 71/72 MP: 11/18
  1983 | D:5      | HP: 2/72 [orc priest/nerve-wracking pain (13)]
  1985 | D:5      | Slain by a gnoll sergeant

Illustrated notes

Levels and vault maps discovered:
D:1:      ldierk_walled_garden_2, layout_loops_corners,
          wad_floor_pattern_untrapped, st_stairs_3
D:2:      layout_loops_ring, serial_rivers, chequers_serial_rivers_room_b,
          chequers_serial_rivers_micro_d, chequers_serial_rivers_small_a,
          chequers_serial_rivers_large_a, chequers_serial_rivers_small_a,
          chequers_serial_rivers_small_3
D:3:      layout_basic, vehumet_altar_wand_db, serial_undead, serial_undead_f,
          serial_undead_d, serial_undead_e, serial_undead_f, serial_shops,
          nicolae_lakefront_shop, hellmonk_ecumenical_altar_watching_god,
          hangedman_decor_growths, wander_ebering_terrifying_dragon_lair,
          uniq_terence, uniq_crazy_yiuf_cottage
D:4:      layout_loops_ring, mainiacjoe_overflow_tiny_flanked,
          overflow_temple_1_default, dancing_weapons_uskayaw, serial_shops,
          nicolae_shop_crystal, nicolae_titane
D:5:      layout_basic, slow_altar_1

Skill      XL: |  1  2  3  4  5  6  7  8  9 |
---------------+----------------------------+-----
Spellcasting   | 3 4 5 6 |  6.0
Fighting       | 1 2 3 4 |  4.7
Fire Magic     | 4 5 6 |  6.4
Dodging        | 3 4 5 |  5.9
Evocations     | 1 2 3 4 |  4.7
Stealth        | |  1.4
Conjurations   | |  1.2

Action                   |  1- 3 |  4- 6 |  7- 9 || total
-------------------------+-------+-------+-------++-------
Melee: Unarmed           |    16 |       |       ||    16
       Club              |    16 |       |       ||    16
       Dagger            |    21 |     4 |    15 ||    40
       Staff             |       |    21 |     9 ||    30
 Cast: Foxfire           |    28 |    16 |     4 ||    48
       Scorch            |       |    21 |    85 ||   106
Evoke: Wand              |       |       |     1 ||     1
  Use: Scroll            |     2 |     2 |     5 ||     9
       Potion            |     2 |       |     4 ||     6
Armor: Robe              |    26 |     8 |    19 ||    53
Dodge: Dodged            |    51 |    29 |    56 ||   136

Table legend: (Time is in decaauts)
 A = Elapsed time spent in this place.
 B = Non-inter-level travel time spent in this place.
 C = Inter-level travel time spent in this place.
 D = Time resting spent in this place.
 E = Time spent auto-exploring this place.
 F = Levels seen in this place.
 G = Mean time per level.
                   A        B        C        D        E       F      G
               +--------+--------+--------+--------+--------+-----+--------+
         Total |   2007 |   1895 |    112 |      0 |     80 |   5 |  401.4 |
       Dungeon |   2007 |   1895 |    112 |      0 |     80 |   5 |  401.4 |
               +--------+--------+--------+--------+--------+-----+--------+

Top non-repeatable levels by time:
     D:4: 469 daAuts
     D:3: 408 daAuts
     D:1: 386 daAuts
     D:5: 377 daAuts
     D:2: 365 daAuts
